 Dungeon Crawl Stone Soup version 0.32-a0-42-ga30500b4d3 (webtiles) character file.

Game seed: 16685730349274631442

128 seren the Grave Robber (level 4, 0/31 HPs)
             Began as a Demonspawn Necromancer on Feb 1, 2024.
             Slain by Grinder (2 damage)
             ... on level 3 of the Dungeon.
             The game lasted 00:10:32 (3514 turns).

seren the Grave Robber (Demonspawn Necromancer)     Turns: 3514, Time: 00:10:33

Health: 0/31       AC:  2    Str:  8    XL:     4   Next: 86%
Magic:  8/8        EV: 12    Int: 18    God:
Gold:   97         SH:  0    Dex: 13    Spells: 4/8 levels left

rFire   . . .        h - +1 dagger (venom)
rCold   . . .        (no shield)
rNeg    . . .        a - +0 robe
rPois   .            (helmet restricted)
rElec   .            (no cloak)
rCorr   .            (no gloves)
SInv    .            (no boots)
Will    .....        (no amulet)
Stlth   ++           g - ring of flight
HPRegen 0.25/turn    (no ring)
MPRegen 0.11/turn

%: no passive effects
@: flying
A: horns 1, ignite blood 1
a: no special abilities


You were on level 3 of the Dungeon.
You visited 1 branch of the dungeon, and saw 3 of its levels.

You collected 97 gold pieces.

Inventory:

Hand Weapons
 c - a +1 spear of venom
 h - a +1 dagger of venom (weapon)
Missiles
 d - 35 stones
 e - 10 boomerangs (quivered)
Armour
 a - a +0 robe (worn)
Jewellery
 g - a ring of flight (left hand)
Scrolls
 i - 2 scrolls of teleportation {unknown}
 j - a scroll of identify {unknown}
 k - 2 scrolls of immolation {unknown}
Potions
 b - a potion of magic
 f - a potion of degeneration {unknown}
 l - 2 potions of lignification {unknown}
 m - a potion of enlightenment {unknown}


   Skills:
 + Level 0.5 Fighting
 + Level 2.6 Dodging
 + Level 2.8 Stealth
 + Level 2.7 Spellcasting
 * Level 5.2 Necromancy


You had 4 spell levels left.
You knew the following spells:

 Your Spells              Type           Power      Damage    Failure   Level
a - Necrotise             Necr           84%        1d8       1%          1
b - Vampiric Draining     Necr           21%        2d7       6%          3

Your spell library contained the following spells:

 Spells                   Type           Power      Damage    Failure   Level
 Animate Dead             Necr           21%        N/A       19%         4
 Stone Arrow              Conj/Erth      4%         3d7       45%         3
 Tukima's Dance           Hex            2%         N/A       45%         3
 Animate Armour           Summ/Erth      4%         N/A       86%         4
 Passage of Golubria      Tloc           2%         N/A       86%         4
 Curse of Agony           Necr           21%        N/A       47%         5
 Yara's Violent Unravell  Hex/Alch       1%         3d3       99%         5
 Lehudib's Crystal Spear  Conj/Erth      1%         10d2      100%        8


Dungeon Overview and Level Annotations

Branches:
Dungeon (3/15)

Altars:
Cheibriados

Shops:
D:1 :   D:2 *[

Annotations:
D:3 1 runed translucent door, Crazy Yiuf, Grinder


Innate Abilities, Weirdness & Mutations

You have a pair of small horns on your head.
Your demonic aura sometimes causes spilled blood to erupt in flames.


Message History

Grinder blinks!
Grinder looks more healthy.
You closely miss Grinder.
Grinder is heavily wounded.
Grinder says, "What is the universe for?"
Grinder barely misses you.
You closely miss Grinder. You headbutt Grinder, but do no damage.
Grinder is heavily wounded.
Grinder closely misses you.
You closely miss Grinder.
Grinder is heavily wounded.
Grinder closely misses you.
You hit Grinder.
Grinder is poisoned.
You headbutt Grinder, but do no damage.
Grinder is heavily wounded.
Grinder misses you.
You completely miss Grinder. You headbutt Grinder.
Grinder is heavily wounded.
Grinder hits you.
You writhe in agony.
You hit Grinder.
Grinder is severely wounded.
Grinder gestures at you.
You suddenly lose the ability to move!
Grinder hits you.
* * * LOW HITPOINT WARNING * * *
You writhe in agony.
* * * LOW HITPOINT WARNING * * *
You can move again.
You hit Grinder.
Grinder looks as sick as possible!
Grinder is severely wounded.
Grinder hits you.
* * * LOW HITPOINT WARNING * * *
You writhe in agony.
* * * LOW HITPOINT WARNING * * *
You completely miss Grinder.
Grinder is almost dead.
Grinder hits you!
* * * LOW HITPOINT WARNING * * *
You writhe in agony.
You die...
Grinder sighs, "Dead already?
I want a refund."

#.....# #.....#
#...... #..####
##..##.# +...##.#
#..##############
#................
#..##.#.5@...##
#..##.#.####..# # #
###..##.......5.#
#.##.#........5...#..#
.....#.##...##.#.##
#.#.......#.#.....
#.).....###....#.##
.<........##...#..
.#####.##.....>...


You could see Grinder (extremely poisoned).

Vanquished Creatures
  An orc priest (D:3)
  4 gnolls
  3 ribbon worms
  3 orcs (D:3)
  4 endoplasms
  A giant cockroach (D:3)
  A goblin (D:1)
  5 hobgoblins
  3 jackals (D:2)
  3 kobolds
  9 ball pythons
  2 bats
  2 frilled lizards
  4 rats
45 creatures vanquished.

Vanquished Creatures (collateral kills)
  2 ball pythons (D:1)
  A hobgoblin (D:1)
  A kobold (D:1)
4 creatures vanquished.

Grand Total: 49 creatures vanquished

Notes
Turn   | Place    | Note
-------+----------+-------------------------------------------
     0 | D:1      | seren the Demonspawn Necromancer began the quest for the
                  | Orb.
     0 | D:1      | Reached XP level 1. HP: 13/13 MP: 3/3
   243 | D:1      | Found a faded altar of an unknown god.
   416 | D:1      | Found Cauxon's Book Emporium.
   443 | D:1      | Gained mutation: You have a pair of small horns on your
                  | head. [demonic ancestry]
   443 | D:1      | Reached XP level 2. HP: 19/19 MP: 0/5
  1031 | D:2      | Reached XP level 3. HP: 16/24 MP: 0/6
  1188 | D:1      | Learned a level 3 spell: Vampiric Draining
  1414 | D:2      | Found a snail-covered altar of Cheibriados.
  1530 | D:2      | Found Uwybyom's Armour Shop.
  1692 | D:2      | Reached skill level 5 in Necromancy
  1692 | D:2      | Gained mutation: Your demonic aura sometimes causes spilled
                  | blood to erupt in flames. [demonic ancestry]
  1692 | D:2      | Reached XP level 4. HP: 17/30 MP: 1/7
  1850 | D:2      | Found Plog's General Store.
  3209 | D:3      | Found a runed translucent door.
  3210 | D:3      | Noticed Crazy Yiuf
  3483 | D:3      | Noticed Grinder
  3511 | D:3      | Paralysed by Grinder for 2 turns
  3514 | D:3      | Slain by Grinder

Illustrated notes

Levels and vault maps discovered:
D:1:      wander_arrival_estate, layout_basic, basic_ecumenical_altar,
          serial_shops, nicolae_shop_window_shopping, minmay_shallow_snake_nest
D:2:      layout_basic, basic_altar, serial_shops, shop,
          nicolae_shop_waterfront, chequers_decorated_corner
D:3:      layout_basic, serial_aquarium, aquarium_bridge_square
          [aquarium_subvault_bridge, aquarium_subvault_wall,
          aquarium_subvault_window, aquarium_subvault_wall], aquarium_window_3,
          aquarium_window_2, aquarium_view_2d, aquarium_view_2b,
          uniq_crazy_yiuf_cottage, uniq_grinder, uniq_sigmund

Skill      XL: |  1  2  3 |
---------------+----------+-----
Dodging        | 2 |  2.6
Stealth        | 2 |  2.8
Necromancy     | 5 |  5.2
Fighting       | |  0.5
Spellcasting   | |  2.7

Action                     |  1- 3 |  4- 6 || total
---------------------------+-------+-------++-------
  Melee: Club              |     5 |       ||     5
         Unarmed           |     1 |       ||     1
         Dagger            |     3 |    28 ||    31
         Headbutt          |     2 |     8 ||    10
         Whip              |     2 |       ||     2
  Throw: Boomerang         |     2 |       ||     2
   Cast: Necrotise         |    61 |    32 ||    93
   Stab: Distracted        |       |     1 ||     1
         Sleeping          |       |     1 ||     1
 Armour: Robe              |    30 |     9 ||    39
  Dodge: Dodged            |    22 |    14 ||    36

Table legend: (Time is in decaauts)
 A = Elapsed time spent in this place.
 B = Non-inter-level travel time spent in this place.
 C = Inter-level travel time spent in this place.
 D = Time resting spent in this place.
 E = Time spent auto-exploring this place.
 F = Levels seen in this place.
 G = Mean time per level.
                   A        B        C        D        E       F      G
               +--------+--------+--------+--------+--------+-----+--------+
         Total |   3517 |   3180 |    337 |    261 |   2137 |   3 | 1172.3 |
       Dungeon |   3517 |   3180 |    337 |    261 |   2137 |   3 | 1172.3 |
               +--------+--------+--------+--------+--------+-----+--------+

Top non-repeatable levels by time:
     D:1: 1365 daAuts
     D:2: 1361 daAuts
     D:3: 790 daAuts
